 Dungeon Crawl Stone Soup version 0.21.1-1-g345015f (webtiles) character file.

18 vatarom the Scratcher (level 2, -12/12 HPs)
             Began as a Felid Transmuter on Mar 23, 2018.
             Mangled by an ogre
             ... wielding a +0 giant spiked club
              (24 damage)
             ... on level 2 of the Dungeon.
             The game lasted 00:01:31 (647 turns).

vatarom the Scratcher (Felid Transmuter)             Turns: 647, Time: 00:01:32

Health: -12/12     AC:  1    Str:  6    XL:     2   Next: 51%
Magic:  2/6        EV: 18    Int: 14    God:
Gold:   124        SH:  0    Dex: 16    Spells: 2/5 levels left
                                        Lives:  0   Deaths: 0

rFire    . . .     SeeInvis +     - Unarmed
rCold    . . .     Gourm    .   (shield unavailable)
rNeg     . . .     Faith    .   (armour unavailable)
rPois    .         Spirit   .   (helmet unavailable)
rElec    .         Reflect  .   (cloak unavailable)
rCorr    .         Harm     .   (gloves unavailable)
MR       .....                  (boots unavailable)
Stlth    ++........             (no amulet)
HPRegen  0.04/turn              (no ring)
MPRegen  0.10/turn              (no ring)

@: quick
A: very small, no armour, no weapons or thrown items, stealth, claws 1, fangs 3,
see invisible, carnivore, speed 1, shaggy fur 1, slow metabolism 1, sharp paws
a: no special abilities


You were on level 2 of the Dungeon.
You were completely stuffed.

You visited 1 branch of the dungeon, and saw 2 of its levels.

You collected 124 gold pieces.

Inventory:

Missiles
 a - 72 arrows
Scrolls
 f - a scroll of blinking {unknown}
 g - a scroll of identify {unknown}
Potions
 e - a potion of curing {unknown}
Books
 b - a book of Changes

   Spells                             Type                      Level
   a - Beastly Appendage              Transmutation                1
   b - Sticks to Snakes               Transmutation                2
   c - Spider Form                    Transmutation/Poison         3
   d - Ice Form                       Ice/Transmutation            4
   e - Blade Hands                    Transmutation                5
Comestibles
 c - 2 rations
 d - 2 chunks of flesh


   Skills:
 + Level 1.4 Fighting
 - Level 2.6 Dodging
 * Level 3.3 Unarmed Combat
 - Level 2.0 Spellcasting
 * Level 2.8 Transmutations


You had 2 spell levels left.
You knew the following spells:

 Your Spells              Type           Power        Failure   Level  Hunger
a - Beastly Appendage     Tmut           #.....       8%          1    ##.....
b - Sticks to Snakes      Tmut           #.......     12%         2    ###....


Dungeon Overview and Level Annotations

Branches:
Dungeon (2/15)

Altars:


Innate Abilities, Weirdness & Mutations

You cannot wear armour.
You are incapable of wielding weapons or throwing items.
Your paws allow you to move quietly. (Stealth)
You have sharp claws.
You have razor-sharp teeth.
You have supernaturally acute eyesight. (SInv)
You are carnivorous and can eat meat at any time.
You cover ground quickly.
You are covered in fur. (AC +1)
You have a slow metabolism.
Your sharp claws are effective at attacking unaware monsters.


Message History

You see here a bat corpse.
Memorise Sticks to Snakes, consuming 2 spell levels and leaving 2?
You start memorising the spell.
You continue memorising. x2
You finish memorising.
Spell assigned to 'b'.
Your horns disappear.
HP restored.
Magic restored.
Your magical contamination has completely faded away.
Found 18 stones.
A bat and an ogre come into view.
Casting: Beastly Appendage
Confirm with . or Enter, or press ? or * to list all spells.
You create a snake!
You now have 73 arrows.
The ogre shouts!
Casting: Sticks to Snakes
Confirm with . or Enter, or press ? or * to list all spells.
You create a snake!
You now have 72 arrows.
The ogre hits you with a giant spiked club!!
Ouch! That really hurt!
You die...

#).#.#
.#.#<.#.#
...#.##.#
..#.##.#
..#.##.#
#.#.##.#
#.#.##.#
#O#....#
#.@#####
#..b......
#S..S......
#..........
#..........
###........
#(.......
#.#.#####


You could see an ogre, a bat, a friendly adder and a friendly ball python.

Vanquished Creatures
  A dart slug (D:1)
  2 goblins (D:1)
  3 hobgoblins
  3 kobolds (D:1)
  3 bats
  A frilled lizard (D:1)
  2 rats (D:1)
15 creatures vanquished.

Notes
Turn   | Place    | Note
-------+----------+-------------------------------------------
     0 | D:1      | vatarom the Felid Transmuter began the quest for the Orb.
     0 | D:1      | Reached XP level 1. HP: 9/9 MP: 4/4
   193 | D:1      | Reached XP level 2. HP: 12/12 MP: 4/6
   635 | D:2      | Learned a level 2 spell: Sticks to Snakes
   645 | D:2      | Noticed an ogre
   647 | D:2      | Mangled by an ogre

Action                   || total
-------------------------++-------
Melee: Unarmed           ||    37
       Headbutt          ||     4
       Bite              ||     3
 Cast: Beastly Appendage ||     9
       Sticks to Snakes  ||     2
  Eat: Chunk             ||     7
Armor: Skin              ||     5
Dodge: Dodged            ||    35
